 Dungeon Crawl Stone Soup version 0.30-a0-389-g8d7d949f56 (webtiles) character file.

Game seed: 8190044536612339493

31670 arthad the Cleaver (level 13, -1/85 HPs)
             Began as a Gargoyle Berserker on Dec 3, 2022.
             Was a High Priest of Trog.
             Killed from afar by Frances (62 damage)
             ... with an iron shot
             ... on level 14 of the Dungeon.
             The game lasted 00:35:05 (12641 turns).

arthad the Cleaver (Gargoyle Berserker)            Turns: 12641, Time: 00:35:11

Health: -1/85      AC: 32    Str: 32    XL:     13   Next: 59%
Magic:  11/11      EV: 12    Int:  8    God:    Trog [*****.]
Gold:   993        SH:  9    Dex: 12    Spells: 12/12 levels left

rFire   . . .      SeeInvis +    P - +8 broad axe "Nolleng" {flame, rN++ Dex+3}
rCold   + . .      Faith    .    V - +0 kite shield
rNeg    + + +      Spirit   .    l - +7 Kryia's mail coat {PotionHeal*2 rC+}
rPois   ∞          Reflect  .    E - +2 helmet
rElec   +          Harm     .    s - +0 cloak
rCorr   .          Rampage  .    o - +0 pair of gloves
Will    ++...                    (no boots)
Stlth   ..........               O - amulet of the acrobat
HPRegen 1.34/turn                e - ring of see invisible
MPRegen 0.12/turn                a - +6 ring of strength

@: strong-willed, regenerating
A: sickness immunity, AC +9, negative energy resistance 1, electricity
resistance, torment resistance 1, petrification resistance, low MP 1
a: Renounce Religion, Berserk, Trog's Hand, Brothers in Arms


You were on level 14 of the Dungeon.
You worshipped Trog.
Trog was extremely pleased with you.
You visited 1 branch of the dungeon, and saw 14 of its levels.
You also visited: Ossuary and Bailey.

You collected 1168 gold pieces.
You spent 175 gold pieces at shops.

Inventory:

Hand Weapons
 D - a +3 executioner's axe of venom
 P - the +8 broad axe "Nolleng" (weapon) {flame, rN++ Dex+3}
   (Trog gifted it to you on level 12 of the Dungeon)

   It burns those it strikes, dealing additional fire damage.
   Big, fiery blades are also staple armaments of hydra-hunters.
   Dex:       It affects your dexterity (+3).
   rN:        It greatly protects you from negative energy.
 Q - a +1 broad axe of freezing
 Y - a +1 longbow of flaming
Missiles
 n - 28 poisoned darts (quivered)
 J - 10 atropa-tipped darts
 R - 2 curare-tipped darts
Armour
 f - a +0 tower shield
 l - the +7 Kryia's mail coat (worn) {PotionHeal*2 rC+}
   (You found it on level 3 of the Dungeon)

   Potions are twice as effective at healing its wearer.
   rC:        It protects you from cold.
 o - a +0 pair of gloves (worn)
 s - a +0 cloak (worn)
 E - a +2 helmet (worn)
 U - a +0 crystal plate armour
 V - a +0 kite shield (worn)
 Z - the +0 helmet "Coha Uhi" {Int+7}
   (You found it on level 10 of the Dungeon)

   Int:       It affects your intelligence (+7).
Jewellery
 a - a +6 ring of strength (right hand)
 e - a ring of see invisible (left hand)
 p - a ring of protection from fire
 B - a +6 ring of intelligence
 M - a +6 ring of dexterity
 O - an amulet of the acrobat (around neck)
 T - the ring of Koidyo {rN+ Str+3 Dex+2}
   (You found it on level 11 of the Dungeon)

   [ring of positive energy]

   Str:       It affects your strength (+3).
   Dex:       It affects your dexterity (+2).
   rN:        It protects you from negative energy.
 X - a +4 ring of evasion
Wands
 w - a wand of digging (6)
 y - a wand of quicksilver (6)
 A - a wand of mindburst (7)
 I - a wand of polymorph (8)
 L - a wand of charming (19)
Scrolls
 c - 2 scrolls of blinking
 i - 9 scrolls of teleportation
 m - a scroll of magic mapping
 q - 2 scrolls of immolation
 r - 2 scrolls of silence
 x - 4 scrolls of poison
 F - a scroll of torment
 H - 2 scrolls of fear
 N - a scroll of summoning
 S - 4 scrolls of fog
 W - a scroll of enchant armour
Potions
 d - a potion of ambrosia
 g - 6 potions of attraction
 h - 6 potions of curing
 j - 2 potions of flight
 k - 4 potions of mutation
 u - 3 potions of heal wounds
 v - 3 potions of might
 z - 5 potions of brilliance {unknown}
 C - 2 potions of magic {unknown}
 G - 2 potions of invisibility
 K - a potion of haste
Miscellaneous
 b - a phantom mirror
 t - a piece from Xom's chessboard (15/15)


   Skills:
 + Level 11.6 Fighting
 * Level 13.2 Axes
 + Level 11.4 Armour
 + Level 8.8 Dodging
 * Level 5.0 Shields


You had 12 spell levels left.
You didn't know any spells.
Your spell library contained the following spells:

 Spells                   Type           Power      Damage    Failure   Level
 Apportation              Tloc           0%         N/A       91%         1
 Magic Dart               Conj           0%         1d3       91%         1
 Necrotise                Necr           0%         1d4       91%         1
 Sandblast                Erth           0%         2d4       91%         1
 Shock                    Conj/Air       0%         1d3       91%         1
 Summon Small Mammal      Summ           0%         N/A       91%         1
 Blink                    Tloc           0%         N/A       97%         2
 Call Imp                 Summ           0%         N/A       97%         2
 Ensorcelled Hibernation  Hex/Ice        0%         N/A       97%         2
 Passwall                 Tmut/Erth      0%         N/A       97%         2
 Static Discharge         Conj/Air       0%         2-2/arc   97%         2
 Wereblood                Tmut           0%         N/A       97%         2
 Kindle Blastsparks       Fire/Tloc/Air  0%         2d10      99%         3
 Mephitic Cloud           Conj/Pois/Air  0%         N/A       99%         3
 Ozocubu's Armour         Ice            0%         N/A       99%         3
 Spider Form              Tmut/Pois      0%         N/A       99%         3
 Stone Arrow              Conj/Erth      0%         3d7       99%         3
 Swiftness                Air            0%         N/A       99%         3
 Vhi's Electric Charge    Tloc/Air       0%         N/A       99%         3
 Airstrike                Air            0%         2d(0-16)  100%        4
 Anguish                  Hex/Necr       0%         N/A       100%        4
 Dispel Undead            Necr           0%         3d6       100%        4
 Fulminant Prism          Conj/Hex       0%         3d5       100%        4
 Iskenderun's Mystic Bla  Conj/Tloc      0%         2d3       100%        4
 Manifold Assault         Tloc           0%         N/A       100%        4
 Olgreb's Toxic Radiance  Pois           0%         N/A       100%        4
 Arcjolt                  Conj/Air       0%         1d10      100%        5
 Blade Hands              Tmut           0%         N/A       100%        5
 Irradiate                Conj/Tmut      0%         3d11      100%        5
 Lee's Rapid Deconstruct  Erth           0%         3d4*      100%        5
 Lightning Bolt           Conj/Air       0%         1d11      100%        5
 Death Channel            Necr           0%         N/A       100%        6
 Dragon Form              Tmut           0%         N/A       100%        7
 Ozocubu's Refrigeration  Ice            0%         4d7       100%        7
 Storm Form               Tmut/Air       0%         N/A       100%        7
 Summon Hydra             Summ           0%         N/A       100%        7
 Ignition                 Fire           0%         3d3       100%        8
 Cigotuvi's Dreadful Rot  Necr/Pois/Air  Unusable   N/A       N/A         2
 Sublimation of Blood     Necr           Unusable   N/A       N/A         2

Dungeon Overview and Level Annotations

Branches:
Dungeon (14/15)            Temple (0/1) D:7            Lair (0/5) D:11
    Orc (0/2) D:11         Vaults (0/5) D:13        Ossuary (visited)
 Bailey (visited)

Altars:
Dithmenos
Fedhas
Hepliaklqana
Kikubaaqudgha
Makhleb
Qazlal
Ru
Sif Muna
Vehumet
Wu Jian
Xom
Yredelemnul
The Shining One

Shops:
D:3 (

Annotations:
D:7 exclusion: ice statue
D:14 Frances


Innate Abilities, Weirdness & Mutations

You are immune to sickness and miasma.
Your stone body is resilient. (AC +9)
You are immune to poison.
You resist negative energy. (rN+)
You are resistant to electric shocks. (rElec)
You are resistant to unholy torment.
You are immune to petrification.
Your magical capacity is low. (-10% MP)


Message History

You hit the boulder beetle but do no damage.
Frances mutters in a terrible tongue.
You block the shard of ice. The orange demon stings you from afar.
Frances screams a word of power!
The boulder beetle bites you but does no damage.
You slash Frances! You burn Frances.
Frances is moderately wounded.
You slash the boulder beetle! You burn the boulder beetle.
You block Frances's attack. The orange demon barely misses you.
The boulder beetle leaps!
Frances barely misses you.
Unknown command.
You slash Frances! You burn Frances.
Frances is moderately wounded.
You miss the sixfirhy. You slash the neqoxec! You burn the neqoxec.
The sixfirhy barely misses you.
The sixfirhy hits you but does no damage.
You block the sixfirhy's attack.
The sixfirhy hits you but does no damage.
Frances hits you with a +0 long sword!! The orange demon closely misses you.
The boulder beetle curls into a ball and begins rolling!
The neqoxec gestures at you.
Strange energies course through your body.
You feel less energetic.
The sixfirhy hits you but does no damage.
Unknown command.
You slice the neqoxec!! You burn the neqoxec!
You kill the neqoxec!
The neqoxec disappears in a puff of smoke!
You miss the sixfirhy. You hit Frances. You burn Frances.
The sixfirhy hits you but does no damage.
Frances whispers indecipherable words.
The orange demon closely misses you. Frances closely misses you.
Unknown command.
Your skin crawls.
You feel strong-willed. Frances hits you with a +0 long sword.
The orange demon closely misses you.
Frances screams a word of power!
The iron shot hits you!!!
Ouch! That really hurt!
You die...

#.##.......
#..##.........
.....#......... ##
.....#......... .##
.[..........)..##..##
.........>##...#....#
................4..#
.......#........@34#
#......# #.....§@.##
#...#...##.#.......##
#...##...###........##
....#...........B....#
##........###...○...##
#....#....###...○...#
.....#.....##....°..#
..........###.....°##
..[....#..##.....=.#


You could see Frances (fast), a boulder beetle (rolling), an orange demon
(summoned), a sixfirhy (summoned) and a chaos spawn (summoned).

Vanquished Creatures
  Nessos (D:14)
  Azrael (D:13)
  7 vault guards (D:13)
  2 boulder beetles
  5 two-headed ogres
  2 centaur warriors (D:14)
  Sonja (D:12)
  Lodul (D:14)
  Pikel (D:6)
  An orc knight (Bailey)
  A deep elf pyromancer (Bailey)
  2 ugly things
  2 manticores
  A gargoyle (D:12)
  An unseen horror (D:12)
  A rime drake (D:11)
  3 trolls
  A polar bear (D:11)
  13 slime creatures
  4 shadows
  A vampire (D:10)
  A wyvern (D:11)
  10 yaks
  A basilisk (D:14)
  4 fire elementals (D:13)
  Grum (D:9)
  2 steam dragons
  6 vampire mosquitoes
  7 acid dragons
  A water moccasin (D:8)
  A hell hound (D:13)
  5 ice beasts
  Pargi (D:3)
  3 sky beasts
  14 orc warriors
  6 ogres (D:14)
  A black bear (D:5)
  3 wolves
  6 centaurs
  A lemure (D:6)
  2 kobold brigands
  3 bullfrogs
  4 necrophages
  3 scorpions
  2 gnoll sergeants
  9 wights (D:7)
  4 water moccasin zombies (Ossuary)
  18 killer bees
  4 howler monkeys
  4 jellies
  7 orc priests
  4 hounds
  A gnoll bouda (D:7)
  2 iguanas (D:4)
  15 orc wizards
  A hound skeleton (D:4)
  2 mummies (Ossuary)
  4 adders
  16 gnolls
  7 shadow imps
  2 ufetubi (D:5)
  7 adder zombies (Ossuary)
  3 worms
  4 dart slugs
  44 orcs
  6 ball pythons
  5 bats
  6 endoplasms
  8 giant cockroaches
  7 gnoll zombies (Ossuary)
  6 goblins
  7 hobgoblins
  4 jackals
  2 quokkas
  7 frilled lizards
  3 hobgoblin zombies (Ossuary)
  11 kobolds
  3 kobold zombies (Ossuary)
  4 orc zombies (Ossuary)
  12 rats
  A butterfly (D:3)
390 creatures vanquished.

Vanquished Creatures (others)
  An orc wizard (D:8)
  An orc (D:7)
  A demonic plant (D:5)
  8 fungi
  9 plants
  4 withered plants (D:4)
24 creatures vanquished.

Grand Total: 414 creatures vanquished

Notes
Turn   | Place    | Note
-------+----------+-------------------------------------------
     0 | D:1      | arthad the Gargoyle Berserker began the quest for the Orb.
     0 | D:1      | Reached XP level 1. HP: 14/14 MP: 1/1
   201 | D:1      | Reached XP level 2. HP: 19/19 MP: 2/2
   442 | D:1      | Reached skill level 3 in Axes
   442 | D:1      | Reached XP level 3. HP: 24/24 MP: 3/3
   575 | D:1      | You fall into a shaft and drop 1 floor!
   587 | D:2      | Reached ** piety under Trog
  1233 | D:3      | Reached XP level 4. HP: 23/29 MP: 4/4
  1474 | D:3      | Noticed a centaur
  1493 | D:3      | Killed a centaur
  1494 | D:3      | Reached XP level 5. HP: 33/34 MP: 5/5
  1511 | D:3      | Found Xiod's Antique Weapon Shoppe.
  1524 | D:3      | Found the +7 Kryia's mail coat {PotionHeal*2 rC+}
  1751 | D:3      | Found a faded altar of an unknown god.
  1833 | D:3      | Noticed Pargi
  1846 | D:3      | Killed Pargi
  1847 | D:3      | Reached XP level 6. HP: 39/39 MP: 6/6
  1915 | D:3      | Reached *** piety under Trog
  2053 | D:3      | Found a shimmering altar of Xom.
  2230 | D:4      | Found a sand-covered staircase.
  2235 | Ossuary  | Entered an ossuary
  2303 | Ossuary  | Reached skill level 4 in Axes
  2336 | Ossuary  | Reached XP level 7. HP: 44/44 MP: 7/7
  2374 | Ossuary  | Reached skill level 5 in Fighting
  2434 | Ossuary  | Reached **** piety under Trog
  2596 | D:4      | Reached skill level 5 in Axes
  2859 | D:4      | Reached XP level 8. HP: 37/50 MP: 8/8
  2863 | D:4      | Reached skill level 5 in Armour
  3037 | D:4      | Identified the +10 dagger "Esiy" {vorpal, +Blink rC+ Dex+3
                  | Stlth+}
  3127 | D:4      | Found an ancient bone altar of Kikubaaqudgha.
  3129 | D:4      | Found a blossoming altar of Fedhas.
  3194 | D:4      | Found a hazy altar of Hepliaklqana.
  3245 | D:4      | Found a burning altar of Makhleb.
  3365 | D:5      | Entered Level 5 of the Dungeon
  3475 | D:5      | Found a basalt altar of Yredelemnul.
  3510 | D:5      | Reached skill level 6 in Axes
  3795 | D:5      | Reached XP level 9. HP: 32/56 MP: 9/9
  4001 | D:6      | Noticed Pikel
  4018 | D:6      | Killed Pikel
  4019 | D:6      | Reached skill level 7 in Axes
  4019 | D:6      | Reached skill level 5 in Dodging
  4659 | D:7      | Noticed an ice statue
  4729 | D:7      | Found a stormy altar of Qazlal.
  4816 | D:7      | Reached ***** piety under Trog
  4820 | D:7      | Reached skill level 8 in Axes
  4903 | D:3      | Bought a runed broad axe for 175 gold pieces
  5113 | D:7      | Reached XP level 10. HP: 42/64 MP: 10/10
  5284 | D:7      | Found a staircase to the Ecumenical Temple.
  5955 | D:8      | Found a radiant altar of Vehumet.
  6010 | D:8      | Found a shimmering blue altar of Sif Muna.
  6322 | D:8      | Reached skill level 9 in Axes
  6622 | D:9      | Found a flagged portal.
  6632 | Bailey   | Entered a bailey
  6717 | Bailey   | Found a large runed translucent door.
  6717 | Bailey   | Found a large runed translucent door.
  6717 | Bailey   | Noticed an orc knight
  6762 | Bailey   | Noticed a deep elf pyromancer
  6783 | Bailey   | Killed an orc knight
  6841 | Bailey   | Killed a deep elf pyromancer
  7132 | D:9      | Noticed Grum
  7148 | D:9      | Reached XP level 11. HP: 69/69 MP: 11/11
  7153 | D:9      | Killed Grum
  7193 | D:9      | Noticed a green ugly thing
  7208 | D:9      | Killed a green ugly thing
  7259 | D:9      | Found a glowing golden altar of the Shining One.
  7280 | D:9      | Reached skill level 10 in Axes
  7363 | D:9      | Found a shadowy altar of Dithmenos.
  7432 | D:9      | Found a sacrificial altar of Ru.
  7956 | D:10     | Entered Level 10 of the Dungeon
  7968 | D:10     | Noticed a two-headed ogre
  7977 | D:10     | Killed a two-headed ogre
  8265 | D:10     | Identified the +0 helmet "Coha Uhi" {Int+7}
  8297 | D:10     | Found an ornate altar of the Wu Jian Council.
  9122 | D:11     | Identified a scroll of acquirement
  9123 | D:11     | Acquired a +2 executioner's axe of venom
  9129 | D:11     | Found a staircase to the Orcish Mines.
  9129 | D:11     | Noticed a boulder beetle
  9148 | D:11     | Killed a boulder beetle
  9307 | D:11     | Reached skill level 11 in Axes
  9322 | D:11     | Found a staircase to the Lair.
  9439 | D:11     | Reached skill level 10 in Fighting
  9598 | D:11     | Reached XP level 12. HP: 54/77 MP: 12/12
  9675 | D:11     | Noticed a two-headed ogre
  9683 | D:11     | Killed a two-headed ogre
  9915 | D:11     | Identified the ring of Koidyo {rN+ Str+3 Dex+2}
 10187 | D:12     | Noticed a boulder beetle
 10196 | D:12     | Killed a boulder beetle
 10276 | D:12     | Reached skill level 10 in Armour
 10431 | D:12     | Noticed Sonja
 10439 | D:12     | Killed Sonja
 10566 | D:12     | Noticed a two-headed ogre
 10573 | D:12     | Killed a two-headed ogre
 10678 | D:12     | Noticed a two-headed ogre
 10686 | D:12     | Killed a two-headed ogre
 10686 | D:12     | Identified the +8 broad axe "Nolleng" {flame, rN++ Dex+3}
                  | (Trog gifted it to you on level 12 of the Dungeon)
 10686 | D:12     | Received a gift from Trog
 10746 | D:12     | Found a stormy altar of Qazlal.
 10995 | D:12     | Noticed a two-headed ogre
 11003 | D:12     | Killed a two-headed ogre
 11004 | D:12     | Reached skill level 12 in Axes
 11169 | D:13     | Noticed Azrael
 11180 | D:13     | Noticed a vault guard
 11188 | D:13     | Killed Azrael
 11189 | D:13     | Killed a vault guard
 11204 | D:13     | Noticed a vault guard
 11217 | D:13     | Killed a vault guard
 11243 | D:13     | Noticed a vault guard
 11252 | D:13     | Killed a vault guard
 11253 | D:13     | Reached skill level 1 in Shields
 11543 | D:13     | Noticed a vault guard
 11555 | D:13     | Killed a vault guard
 11556 | D:13     | Reached XP level 13. HP: 54/84 MP: 13/13
 11653 | D:13     | Found a gate to the Vaults.
 11665 | D:13     | Noticed a vault guard
 11673 | D:13     | Killed a vault guard
 11705 | D:13     | Noticed a vault guard
 11722 | D:13     | Killed a vault guard
 11808 | D:13     | Noticed a vault guard
 11817 | D:13     | Killed a vault guard
 12256 | D:14     | Reached skill level 13 in Axes
 12323 | D:14     | Noticed Lodul
 12333 | D:14     | Killed Lodul
 12470 | D:14     | Noticed Nessos
 12488 | D:14     | Killed Nessos
 12489 | D:14     | Reached skill level 5 in Shields
 12630 | D:14     | Noticed Frances
 12639 | D:14     | Gained mutation: Your magical capacity is low. (-10% MP) [a
                  | neqoxec]
 12641 | D:14     | Killed from afar by Frances

Illustrated notes

Levels and vault maps discovered:
D:1:      lightli_arrival_flooded_house, layout_loops_ring
D:2:      layout_basic, grunt_ministairs_4
D:3:      kennysheep_six_static_rooms, layout_basic, xom_butterflies,
          shapermc_ecumenical_altar_mp_ritualfount, serial_shops,
          nicolae_shop_stone, hex_intersection, due_unseen_surprise, uniq_pargi
D:4:      layout_loops_cross, kennysheep_mini_moat,
          grunt_temple_overflow_growth_and_decay, makhleb_blood_cavern_becter,
          enter_ossuary_2
D:5:      layout_cave_pools, lemuel_doored_altar, serial_demonic,
          serial_demonic_d, serial_demonic_g, serial_demonic_f,
          serial_demonic_f, serial_demonic_b, serial_demonic_e
D:6:      layout_rooms, hex_intersection, dreamdust_mushroom_princess,
          chequers_serial_rivers_micro_c, minmay_misc_feat_tiny, uniq_pikel
D:7:      lemuel_ice_statue, layout_loops_cross, mainiacjoe_overflow_brackets,
          minmay_temple_entry_statues_fountains, nrook_loot_triangle,
          dreamdust_princess_corridor
D:8:      layout_loops_cross, nicolae_vehumet_altar_sigil, lemuel_round_altar,
          grunt_ministairs_10
D:9:      layout_gridville, nicolae_dithmenos_through_a_glass_darkly,
          mainiacjoe_overflow_cross_hatched, tso_altar, enter_bailey_2,
          uniq_grum
D:10:     layout_gridville, kennysheep_little_box
D:11:     layout_cave_pools, hellmonk_lair_entry_icy, orc_0_dummy,
          grunt_decor_resistance, kennysheep_pointless_box,
          chequers_serial_rivers_micro_b
D:12:     layout_long_grid, dk_noncrumbling_4, nicolae_qazlal_general_emergency,
          uniq_sonja
D:13:     layout_loops_ring, erik_vaults_2, uniq_azrael
D:14:     layout_cave_pools, uniq_frances, uniq_nessos, uniq_lodul

Skill      XL: |  1  2  3  4  5  6  7  8  9 10 11 12 13 |
---------------+----------------------------------------+-----
Axes           | 3 4 5 6 8 9 11 12 13 | 13.2
Dodging        | 2 3 4 5 6 7 8 |  8.8
Armour         | 3 4 5 7 8 9 10 11 | 11.4
Fighting       | 4 5 6 7 8 10 11 | 11.6
Shields        | 1 5 |  5.0

Action                   |  1- 3 |  4- 6 |  7- 9 | 10-12 | 13-15 || total
-------------------------+-------+-------+-------+-------+-------++-------
Melee: Hand axe          |   134 |    78 |       |       |       ||   212
       Punch             |       |     1 |       |     2 |       ||     3
       Battleaxe         |       |    77 |   368 |       |       ||   445
       Broad axe         |       |       |     9 |   420 |   108 ||   537
       Executioner's axe |       |       |       |    78 |       ||    78
Throw: Dart              |       |       |       |    17 |       ||    17
Invok: Berserk           |       |     3 |     4 |     3 |     2 ||    12
       Trog's Hand       |       |     1 |       |     2 |     2 ||     5
Evoke: Wand              |       |       |       |     1 |     1 ||     2
  Use: Scroll            |       |     5 |     8 |    11 |     3 ||    27
       Potion            |       |       |       |     8 |     1 ||     9
 Stab: Sleeping          |     2 |       |       |       |       ||     2
       Invisible         |       |       |       |     1 |       ||     1
Armor: Animal skin       |    42 |    32 |       |       |       ||    74
       Scale mail        |       |    57 |   371 |   447 |    76 ||   951
Dodge: Dodged            |    88 |   107 |   317 |   451 |   100 ||  1063
Block: Kite shield       |       |       |       |     1 |    60 ||    61

Table legend: (Time is in decaauts)
 A = Elapsed time spent in this place.
 B = Non-inter-level travel time spent in this place.
 C = Inter-level travel time spent in this place.
 D = Time resting spent in this place.
 E = Time spent auto-exploring this place.
 F = Levels seen in this place.
 G = Mean time per level.
                   A        B        C        D        E       F      G
               +--------+--------+--------+--------+--------+-----+--------+
         Total |  13044 |  12625 |    419 |    433 |   9082 |  16 |  815.2 |
       Dungeon |  12436 |  12017 |    419 |    409 |   8870 |  14 |  888.3 |
       Ossuary |    287 |    287 |      0 |      0 |     90 |   1 |  287.0 |
        Bailey |    320 |    320 |      0 |     23 |    122 |   1 |  320.0 |
               +--------+--------+--------+--------+--------+-----+--------+

Top non-repeatable levels by time:
     D:3: 1183 daAuts
    D:12: 1138 daAuts
     D:9: 1101 daAuts
    D:10: 1059 daAuts
    D:11: 1057 daAuts
     D:4: 1024 daAuts
     D:7: 982 daAuts
    D:13: 931 daAuts
     D:8: 808 daAuts
     D:5: 687 daAuts
     D:6: 657 daAuts
     D:1: 653 daAuts
    D:14: 578 daAuts
     D:2: 572 daAuts
  Bailey: 320 daAuts
